 Dungeon Crawl Stone Soup version 0.29.1-15-g9cfb28693d (webtiles) character file.

Game seed: 1634134538148808639

25848 GimliDwarf the Skirmisher (level 13, -6/65 HPs)
             Began as a Tengu Venom Mage on Dec 13, 2023.
             Was an Elder of Ashenzari.
             Hit by a large rock thrown by a cyclops (41 damage)
             ... on level 13 of the Dungeon.
             The game lasted 01:28:34 (17970 turns).

GimliDwarf the Skirmisher (Tengu Venom Mage)       Turns: 17970, Time: 01:28:35

Health: -6/65      AC: 13    Str: 11    XL:     13   Next: 22%
Magic:  0/26       EV: 26    Int: 19    God:    Ashenzari [****..]
Gold:   828        SH:  0    Dex: 35    Spells: 18/28 levels left

rFire   . . .      SeeInvis +   i - +4 arbalest
rCold   + . .      Faith    .   (shield currently unavailable)
rNeg    . . .      Spirit   +   o - +2 leather armour "Restrained With Me" {Contam Str+4 Dex+7, Fort, Elem} (curse)
rPois   .          Reflect  .   (helmet restricted)
rElec   +          Harm     .   D - +2 cloak "Tethered Together" {Evo, Alch} (curse)
rCorr   .          Rampage  +   a - +2 pair of gloves of the Cosmic God {Dex+3, Evo, Elem} (curse)
Will    .....      Clarity  +   (boots unavailable)
Stlth   +++.......              v - amulet "Revealing Skepticism" {Spirit Rampage, Bglg, Comp} (curse)
HPRegen 0.20/turn               j - ring of the Eye in the Sky {Dex+6, Elem, Fort} (curse)
MPRegen 0.20/turn               A - ring "Overhang to Understand" {rElec rC+ Str-3 Dex+4 SInv, Evo, Fort} (curse)

@: flying quickly and evasively, quick
A: beak, talons 3, nimble flight
a: Renounce Religion, Curse Item, Shatter the Chains


You were on level 13 of the Dungeon.
You worshipped Ashenzari.
Ashenzari was greatly pleased with you.
You visited 2 branches of the dungeon, and saw 14 of its levels.

You collected 1062 gold pieces.
You spent 234 gold pieces at shops.

Inventory:

Hand Weapons
 i - a +4 arbalest (weapon)
 H - the +2 flail of the Desolation of Salt {vorpal, rF++ rCorr}
   (You found it on level 8 of the Dungeon)

   It inflicts extra damage upon your enemies.
   rF:        It greatly protects you from fire.
   rCorr:     It protects you from acid and corrosion.
Missiles
 h - 35 poisoned darts
 m - 15 boomerangs
 p - 2 atropa-tipped darts
 B - a throwing net
Armour
 a - the cursed +2 pair of gloves of the Cosmic God (worn) {Dex+3, Evo, Elem}
   (You acquired it on level 3 of the Dungeon)

   It has a curse which improves the following skills: Evocations: Evocations.
   Elements:  Fire Magic, Ice Magic, Air Magic and Earth Magic.
 o - the cursed +2 leather armour "Restrained With Me" (worn) {Contam Str+4 Dex+7, Fort, Elem}
   (You found it on level 3 of the Dungeon)

   Str:       It affects your strength (+4).
   Dex:       It affects your dexterity (+7).
   Contam:    It causes magical contamination when unequipped.
   It has a curse which improves the following skills: Fortitude: Armour and
   Shields.
   Elements:  Fire Magic, Ice Magic, Air Magic and Earth Magic.
 D - the cursed +2 cloak "Tethered Together" (worn) {Evo, Alch}
   (You took it off Crazy Yiuf on level 7 of the Dungeon)

   It has a curse which improves the following skills: Evocations: Evocations.
   Alchemy:   Poison Magic and Transmutations.
 O - a +0 troll leather armour
Jewellery
 j - the cursed ring of the Eye in the Sky (left hand) {Dex+6, Elem, Fort}
   (You found it on level 4 of the Dungeon)

   [ring of dexterity]

   Dex:       It affects your dexterity (+6).
   It has a curse which improves the following skills: Elements: Fire Magic, Ice
   Magic, Air Magic and Earth Magic.
   Fortitude: Armour and Shields.
 v - the cursed amulet "Revealing Skepticism" (around neck) {Spirit Rampage, Bglg, Comp}
   (You found it on level 9 of the Dungeon)

   [amulet of guardian spirit]

   It causes incoming damage to be divided between your reserves of health and
   magic.
   Rampage:   It bestows one free step when moving towards enemies.
   It has a curse which improves the following skills: Beguiling: Conjurations,
   Hexes and Translocations.
   Companions: Summonings and Necromancy.
 A - the cursed ring "Overhang to Understand" (right hand) {rElec rC+ Str-3 Dex+4 SInv, Evo, Fort}
   (You took it off a gnoll on level 7 of the Dungeon)

   [ring of see invisible]

   Str:       It affects your strength (-3).
   Dex:       It affects your dexterity (+4).
   rC:        It protects you from cold.
   rElec:     It insulates you from electricity.
   SInv:      It lets you see invisible.
   It has a curse which improves the following skills: Evocations: Evocations.
   Fortitude: Armour and Shields.
 M - a ring of protection from fire
 Q - a ring of protection from cold
Wands
 f - a wand of paralysis (26)
 C - a wand of mindburst (7)
 I - a wand of light (3)
 N - a wand of flame (13)
Scrolls
 r - 3 scrolls of magic mapping
 s - 3 scrolls of teleportation
 t - 3 scrolls of fear
 u - 2 scrolls of enchant armour
 y - a scroll of blinking
 F - 3 scrolls of poison
 G - a scroll of silence
 J - 2 scrolls of fog
 P - 4 scrolls of amnesia
Potions
 b - 2 potions of magic
 d - a potion of mutation
 e - 3 potions of lignification
 g - a potion of cancellation
 k - a potion of ambrosia
 l - 3 potions of berserk rage
 n - 2 potions of brilliance
 q - a potion of resistance
 w - a potion of invisibility
 x - 5 potions of heal wounds
 z - 8 potions of curing
 E - a potion of might


   Skills:
 - Level 1.3 Fighting
 - Level 0.1 Long Blades
 - Level 0.1(0.3) Axes
 - Level 0.1(0.4) Maces & Flails
 - Level 0.2(0.5) Polearms
 - Level 0.5(0.6) Staves
 + Level 11.7 Ranged Weapons
 * Level 9.0(12.9) Armour
 * Level 8.4 Dodging
 - Level 2.0 Stealth
 * Level 8.1 Spellcasting
 * Level 9.2(11.2) Conjurations
 - Level 1.1(2.3) Transmutations
 - Level 0.2(1.1) Ice Magic
 * Level 9.4(13.3) Air Magic
 * Level 9.1(11.1) Poison Magic


You had 18 spell levels left.
You knew the following spells:

 Your Spells              Type           Power      Damage    Failure   Level
a - Sting                 Tmut/Pois      100%       1d8       1%          1
b - Mephitic Cloud        Conj/Pois/Air  52%        N/A       1%          3
c - Olgreb's Toxic Radia  Pois           49%        N/A       1%          4
d - Blink                 Tloc           16%        N/A       16%         2

Your spell library contained the following spells:

 Spells                   Type           Power      Damage    Failure   Level
 Poisonous Vapours        Pois/Air       100%       N/A       1%          2
 Freeze                   Ice            48%        1d7       7%          1
 Sandblast                Erth           18%        2d7       9%          1
 Gell's Gravitas          Tloc           8%         N/A       30%         3
 Lesser Beckoning         Tloc           8%         N/A       30%         3
 Teleport Other           Tloc           8%         N/A       30%         3
 Petrify                  Tmut/Erth      13%        N/A       52%         4
 Metabolic Englaciation   Hex/Ice        5%         N/A       92%         5
 Manifold Assault         Tloc           8%         N/A       95%         5
 Dispersal                Tloc           4%         N/A       100%        6
 Statue Form              Tmut/Erth      8%         N/A       100%        6


Dungeon Overview and Level Annotations

Branches:
Dungeon (13/15)            Temple (1/1) D:4            Lair (0/5) D:10
    Orc (0/2) D:11
 Vaults: D:13-14

Altars:
Ashenzari
Cheibriados
Dithmenos
Elyvilon
Fedhas
Gozag
Hepliaklqana
Kikubaaqudgha
Makhleb
Nemelex Xobeh
Okawaru
Qazlal
Ru
Sif Muna
Trog
Uskayaw
Vehumet
Wu Jian
Xom
Yredelemnul
Zin
The Shining One

Shops:
D:1 ?   D:3 (   D:9 *   D:10 :(((*

Annotations:
D:4 3 runed translucent doors, Kelyas's ghost, amateur DsCj
D:8 3 runed translucent doors
D:11 3 runed translucent doors, middlethird's ghost, journeyman VSCj


Innate Abilities, Weirdness & Mutations

You have a beak for a mouth.
You have claws for feet.
Your magical nature lets you fly swiftly and evasively.


Message History

You start resting.
A cyclops is nearby!
Casting: Mephitic Cloud (safe; 1% risk of failure)
Confirm with . or Enter, or press ? or * to list all spells.
Aiming: Mephitic Cloud (safe; 1% risk of failure)
Press: ? - help, Shift-Dir - straight line, f - cyclops
Aim: a cyclops, quivering large rocks (chance to affect: 58%)
The ball explodes into a vile cloud!
The stinking cloud engulfs the cyclops but does no damage.
You hear a shout! x2
The cyclops is engulfed in noxious fumes.
The cyclops appears confused.
Fire: i) +4 arbalest
Press: ? - help, Q - select action, (/) - cycle Shift-Dir - straight line, f/p - cyclops
Aim: a cyclops, quivering large rocks (confused, 95% to hit)
You shoot a bolt. The bolt hits the cyclops!
The cyclops is moderately wounded.
Fire: i) +4 arbalest
Press: ? - help, Q - select action, (/) - cycle Shift-Dir - straight line, f/p - cyclops
Aim: a cyclops, quivering large rocks (moderately wounded, confused, 95% to hit)
You shoot a bolt. The bolt hits the cyclops!
The cyclops is moderately wounded.
Casting: Mephitic Cloud (safe; 1% risk of failure)
Confirm with . or Enter, or press ? or * to list all spells.
You don't know that spell.
Casting: Mephitic Cloud (safe; 1% risk of failure)
Confirm with . or Enter, or press ? or * to list all spells.
You don't have enough magic to cast this spell.
Fire: i) +4 arbalest
Press: ? - help, Q - select action, (/) - cycle Shift-Dir - straight line, f/p - cyclops
Aim: a cyclops, quivering large rocks (moderately wounded, confused, 95% to hit)
You shoot a bolt. The bolt hits the cyclops!
The cyclops is heavily wounded.
The cyclops seems less confused.
Casting: Mephitic Cloud (safe; 1% risk of failure)
Confirm with . or Enter, or press ? or * to list all spells.
You don't have enough magic to cast this spell.
The cyclops throws a large rock.
The large rock hits you!!!
Ouch! That really hurt!
You die...

,,, ,, ,
,.........).?..........
* *
***######.###.#.#..#.##.
*, ** ##.###.#.#..#....
* , ####...............
** * * *
####.###.#.##.#.#.# ,#.
*,. ∆
##...###.#.##.#.#.# , #.
##c
∆,*###.#####.#.##...#.#
,#,#..#.#,*, ###.###
#......#.#.# #.#..#.# ,
###.@## #..###.###.#
.........#.###.### #...
..# #.#
##.#..#.######..###
####** #.#
........C))).)○### ##.#
.......Cc.))C.####
######.#
##.#..#.#########
########..
.........#{###
######<....# ##.#..#.##
{ ####....##### # #..#c#
{* ####..########


You could see a cyclops.

Vanquished Creatures
  Rupert (D:12)
  Nessos (D:12)
  Erolcha (D:12)
  An ogre mage (D:10)
  Erica (D:8)
  2 centaur warriors
  4 two-headed ogres
  A tengu warrior (D:10)
  Lodul (D:13)
  A deep elf pyromancer (D:12)
  3 cyclopes
  2 manticores
  An ugly thing (D:10)
  A gargoyle (D:11)
  Joseph (D:7)
  2 unseen horrors
  A yaktaur (D:13)
  A komodo dragon (D:12)
  4 trolls
  4 slime creatures (D:11)
  Sigmund (D:2)
  A shadow (D:11)
  A wyvern (D:8)
  A vampire (D:7)
  14 yaks
  4 wraiths
  4 steam dragons
  4 vampire mosquitoes (D:11)
  Menkaure (D:5)
  2 acid dragons (D:7)
  2 water moccasins
  4 sky beasts (D:7)
  3 ice beasts
  4 orc warriors
  2 black bears
  10 ogres
  7 centaurs
  3 kobold brigands
  2 phantoms
  2 necrophages
  A bullfrog (D:7)
  A gnoll sergeant (D:8)
  2 scorpions (D:6)
  8 wights
  8 killer bees
  An electric eel (D:10)
  9 howler monkeys
  4 hounds
  Crazy Yiuf (D:7)
  3 gnoll boudas
  7 orc priests
  2 jellies
  2 iguanas
  16 orc wizards
  Robin (D:3)
  23 gnolls
  4 adders
  4 shadow imps
  A white imp (D:6)
  A howler monkey simulacrum (D:7)
  4 ufetubi
  8 dart slugs
  A worm (D:2)
  36 orcs
  6 endoplasms
  3 giant cockroaches
  12 goblins
  8 hobgoblins
  9 kobolds
  4 quokkas
  4 ball pythons
  3 bats
  4 frilled lizards
  4 rats
311 creatures vanquished.

Vanquished Creatures (collateral kills)
  A hydra (D:11)
  2 killer bees (D:7)
3 creatures vanquished.

Vanquished Creatures (others)
  3 fungi (D:7)
  52 plants
55 creatures vanquished.

Grand Total: 369 creatures vanquished

Notes
Turn   | Place    | Note
-------+----------+-------------------------------------------
     0 | D:1      | GimliDwarf the Tengu Venom Mage began the quest for the
                  | Orb.
     0 | D:1      | Reached XP level 1. HP: 10/10 MP: 4/4
   161 | D:1      | Found Pinnit's Magic Scroll Shoppe.
   180 | D:1      | Reached XP level 2. HP: 15/15 MP: 0/6
  1080 | D:1      | Reached XP level 3. HP: 19/19 MP: 4/7
  1084 | D:1      | Reached skill level 1 in Transmutations
  1254 | D:1      | Found a faded altar of an unknown god.
  1653 | D:2      | Reached XP level 4. HP: 17/24 MP: 4/8
  1967 | D:2      | Noticed Sigmund
  2276 | D:2      | Reached skill level 1 in Ranged Weapons
  2543 | D:3      | Identified the +2 leather armour of Conscience {Contam
                  | Str+4 Dex+7}
  2622 | D:3      | Reached skill level 1 in Armour
  2622 | D:3      | Gained mutation: Your magical nature lets you fly swiftly
                  | and evasively. [Tengu growth]
  2622 | D:3      | Reached XP level 5. HP: 9/28 MP: 7/10
  2627 | D:3      | HP: 1/28 [goblin/+0 club (4)]
  3598 | D:3      | Found Jonail's Weapon Shop.
  3599 | D:3      | Noticed Robin
  3608 | D:3      | Found an opulent altar of Gozag.
  3913 | D:3      | Found a glowing silver altar of Zin.
  4037 | D:3      | Got An Initiation to Magic
  4122 | D:3      | Found an ancient bone altar of Kikubaaqudgha.
  4122 | D:3      | Found a sparkling altar of Nemelex Xobeh.
  4195 | D:3      | Killed Robin
  4354 | D:3      | Identified a scroll of acquirement
  4354 | D:3      | Acquired a +2 pair of gloves of dexterity
  4449 | D:4      | Noticed an ogre
  4581 | D:4      | Reached XP level 6. HP: 18/32 MP: 8/11
  4740 | D:4      | Found a runed translucent gate.
  4742 | D:4      | Found a runed translucent gate.
  4742 | D:4      | Found a runed translucent gate.
  4791 | D:4      | Noticed Kelyas's ghost (amateur DsCj)
  5005 | D:4      | Found a staircase to the Ecumenical Temple.
  5130 | Temple   | Entered the Ecumenical Temple
  5286 | Temple   | Became a worshipper of Ashenzari the Shackled
  5387 | D:4      | Reached skill level 1 in Conjurations
  5387 | D:4      | Reached skill level 1 in Air Magic
  5433 | D:5      | Entered Level 5 of the Dungeon
  5508 | D:5      | Reached skill level 2 in Ranged Weapons
  5648 | D:5      | Reached XP level 7. HP: 33/37 MP: 12/12
  5770 | D:5      | Found a sacrificial altar of Ru.
  5770 | D:5      | Found an ornate altar of the Wu Jian Council.
  5776 | D:5      | Found a basalt altar of Yredelemnul.
  5781 | D:5      | Found a glowing golden altar of the Shining One.
  5784 | D:5      | Found a white marble altar of Elyvilon.
  5790 | D:5      | Found a shimmering blue altar of Sif Muna.
  5793 | D:5      | Reached skill level 3 in Ranged Weapons
  5800 | D:5      | Noticed Menkaure
  5878 | D:5      | Reached skill level 1 in Fighting
  6118 | D:5      | Killed Menkaure
  6233 | D:5      | Reached * piety under Ashenzari
  6801 | D:6      | Reached skill level 4 in Ranged Weapons
  6817 | D:6      | Reached XP level 8. HP: 39/43 MP: 5/14
  7052 | D:5      | Learned a level 3 spell: Mephitic Cloud
  7057 | D:5      | Learned a level 4 spell: Olgreb's Toxic Radiance
  7511 | D:6      | Reached ** piety under Ashenzari
  7544 | D:6      | Reached skill level 5 in Ranged Weapons
  7761 | D:7      | Reached skill level 5 in Poison Magic
  8053 | D:7      | Reached XP level 9. HP: 47/47 MP: 16/16
  8097 | D:7      | Reached skill level 5 in Armour
  8300 | D:7      | Reached skill level 6 in Ranged Weapons
  8499 | D:7      | Identified the ring of Fosu {rElec rC+ Str-3 Dex+4 SInv}
  8565 | D:7      | Noticed a cyclops
  8588 | D:7      | Killed a cyclops
  8589 | D:7      | Reached skill level 5 in Spellcasting
  8589 | D:7      | Reached skill level 5 in Conjurations
  8660 | D:7      | Noticed a manticore
  8665 | D:7      | Killed a manticore
  8666 | D:7      | Reached skill level 7 in Ranged Weapons
  8666 | D:7      | Reached skill level 5 in Dodging
  8666 | D:7      | Reached skill level 5 in Air Magic
  8666 | D:7      | Reached XP level 10. HP: 50/52 MP: 12/18
  9306 | D:7      | Found a white marble altar of Elyvilon.
  9307 | D:7      | Noticed a four-headed hydra
  9447 | D:6      | HP: 2/52 [four-headed hydra (5)]
  9821 | D:7      | Noticed Joseph
  9852 | D:7      | Killed Joseph
 10236 | D:7      | Found a sacrificial altar of Ru.
 10345 | D:7      | Found a runed translucent door.
 10346 | D:7      | Noticed Crazy Yiuf
 10354 | D:7      | Killed Crazy Yiuf
 10363 | D:7      | Reached *** piety under Ashenzari
 10485 | D:7      | Reached skill level 8 in Ranged Weapons
 10636 | D:8      | Found a runed translucent gate.
 10647 | D:8      | Noticed Erica
 10652 | D:8      | Killed Erica
 11011 | D:2      | Killed Sigmund
 11221 | D:8      | Noticed a glowing orange brain
 11221 | D:8      | Noticed a purple ugly thing
 11221 | D:8      | Found a runed translucent gate.
 11221 | D:8      | Found a runed translucent gate.
 11226 | D:8      | Noticed a cyan ugly thing
 11273 | D:8      | Reached XP level 11. HP: 54/56 MP: 11/21
 11554 | D:8      | Identified the +2 flail of the Desolation of Salt {vorpal,
                  | rF++ rCorr}
 12522 | D:9      | Reached skill level 9 in Ranged Weapons
 12647 | D:9      | Noticed a two-headed ogre
 12655 | D:9      | Killed a two-headed ogre
 13119 | D:9      | Found Epoenima's Assorted Antiques.
 13135 | D:9      | Bought a forked ivory wand for 104 gold pieces
 13135 | D:9      | Bought a runed coral ring for 130 gold pieces
 13475 | D:9      | Identified the amulet of Winter {Spirit Rampage}
 13900 | D:10     | Entered Level 10 of the Dungeon
 13944 | D:10     | Found Dyusynu's Weapon Shoppe.
 14025 | D:10     | Found Wuatz's Vocational Training.
 14069 | D:10     | Found Mauv Roy's Weapon Shoppe.
 14086 | D:10     | Found Zaheupuy's Assorted Antiques.
 14136 | D:10     | Found a staircase to the Lair.
 14187 | D:10     | Found Vottac's Weapon Shop.
 14212 | D:10     | Noticed a cyan ugly thing
 14258 | D:10     | Noticed a centaur warrior
 14258 | D:10     | Noticed an ogre mage
 14268 | D:10     | Killed an ogre mage
 14270 | D:10     | Killed a centaur warrior
 14280 | D:10     | Killed a cyan ugly thing
 14402 | D:9      | Reached skill level 10 in Ranged Weapons
 14464 | D:10     | Noticed a tengu warrior
 14473 | D:10     | Killed a tengu warrior
 15130 | D:9      | Reached **** piety under Ashenzari
 15292 | D:11     | Identified the +2 ring mail "Ikhlacra" {Drain rC++ rCorr
                  | Slay+3}
 15316 | D:11     | Reached XP level 12. HP: 61/61 MP: 23/23
 15342 | D:11     | Found a staircase to the Orcish Mines.
 15461 | D:11     | Noticed a centaur warrior
 15584 | D:11     | Killed a centaur warrior
 15660 | D:11     | Noticed a two-headed ogre
 15668 | D:11     | Killed a two-headed ogre
 15940 | D:11     | Noticed middlethird's ghost (journeyman VSCj)
 15967 | D:11     | Noticed a five-headed hydra
 15982 | D:11     | Found a runed translucent gate.
 15982 | D:11     | Found a runed translucent gate.
 15982 | D:11     | Found a runed translucent gate.
 16280 | D:11     | Killed a five-headed hydra
 16349 | D:12     | Noticed a two-headed ogre
 16354 | D:12     | Noticed Nessos
 16354 | D:12     | Killed a two-headed ogre
 16357 | D:12     | Reached skill level 11 in Ranged Weapons
 16361 | D:12     | Killed Nessos
 16361 | D:12     | Noticed a two-headed ogre
 16754 | D:11     | Killed a two-headed ogre
 17037 | D:12     | Noticed Erolcha
 17045 | D:12     | Killed Erolcha
 17413 | D:13     | Noticed Rupert
 17467 | D:12     | Killed Rupert
 17468 | D:12     | Reached XP level 13. HP: 59/65 MP: 2/26
 17720 | D:13     | Learned a level 2 spell: Blink
 17938 | D:13     | Noticed Lodul
 17946 | D:13     | Killed Lodul
 17970 | D:13     | Hit by a large rock thrown by a cyclops

Illustrated notes

Levels and vault maps discovered:
D:1:      amcnicky_arrival_feature_with_door, layout_basic,
          hellmonk_ecumenical_altar_leap_of_faith, serial_shops,
          nicolae_shop_stone
D:2:      layout_loops_ring, uniq_sigmund
D:3:      layout_loops_ring, pdpol_temple_overflow_zin_treasury_gozag_greed,
          gammafunk_temple_overflow_elements, serial_shops,
          nicolae_shop_window_shopping, uniq_robin
D:4:      layout_basic, minmay_temple_entry_overgrown, gammafunk_ghost_split,
          amethyst_killhole
D:5:      layout_cave_pods, nicolae_overflow_hallway_of_the_gods,
          kennysheep_generic_room_11, uniq_menkaure
D:6:      layout_loops_ring, palyth_stone_intersect, grunt_tough_drop
D:7:      nzn_winding_woodlands_cross [nzn_winding_woodlands_5x15_longhouse,
          nzn_winding_woodlands_5x15_zeroes, nzn_winding_woodlands_5x15_pockets,
          nzn_winding_woodlands_5x15_split_checker,
          nzn_winding_woodlands_15x15_five_gardens], layout_loops_cross,
          kennysheep_doodads, hangedman_feature_mirror, uniq_crazy_yiuf_cottage,
          uniq_joseph
D:8:      minmay_spotlight, layout_loops_corners,
          ploomutoo_gammafunk_ghost_potion_laboratory, dk_noncrumbling_4,
          hangedman_decor_diamond_cutter, uniq_erica
D:9:      layout_stronghold, serial_shops, nicolae_shop_overgrown_old_shop,
          minivault_21, chequers_serial_rivers_small_b
D:10:     minmay_curly_fans, layout_basic, dpeg_oklobed_lair, serial_shops,
          nicolae_shop_overgrown_old_shop, shop_coins,
          nicolae_shop_bloodbath_and_beyond, shop, nicolae_shop_vocational
D:11:     layout_loops_ring, orc_0_dummy, gammafunk_ghost_split, hex_medium
D:12:     layout_rooms, uniq_nessos, uniq_erolcha
D:13:     layout_basic, hangedman_vaults_entry_quadrant_bands, uniq_lodul,
          uniq_rupert, uniq_josephine
Temple:   nicolae_temple_bog_church

Skill      XL: |  1  2  3  4  5  6  7  8  9 10 11 12 13 |
---------------+----------------------------------------+-----
Transmutations | 1 |  1.1
Ranged Weapons | 1 2 4 5 7 8 10 11 | 11.7
Poison Magic   | 4 5 6 7 8 9 |  9.1
Armour         | 1 3 4 5 6 7 8 9 |  9.0
Conjurations   | 1 2 3 5 6 7 9 |  9.2
Air Magic      | 1 2 3 5 6 7 9 |  9.4
Spellcasting   | 3 4 5 6 7 8 |  8.1
Fighting       | 1 |  1.3
Dodging        | 3 4 5 6 7 8 |  8.4
Long Blades    | |  0.1
Axes           | |  0.1
Maces & Flails | |  0.1
Polearms       | |  0.2
Staves         | |  0.5
Stealth        | |  2.0
Ice Magic      | |  0.2

Action                   |  1- 3 |  4- 6 |  7- 9 | 10-12 | 13-15 || total
-------------------------+-------+-------+-------+-------+-------++-------
 Fire: Arbalest          |    11 |    72 |   118 |   460 |    26 ||   687
Throw: Dart              |       |    16 |     1 |     1 |       ||    18
       Throwing net      |       |       |       |     1 |       ||     1
 Cast: Sting             |    52 |    55 |    42 |    12 |       ||   161
       Mephitic Cloud    |       |       |    14 |    90 |     9 ||   113
       Olgreb's Toxic Ra |       |       |       |    11 |     2 ||    13
Invok: Curse Item        |       |       |     3 |     3 |       ||     6
Evoke: Wand              |       |       |     1 |    17 |       ||    18
  Use: Scroll            |       |     9 |     1 |     4 |     2 ||    16
       Potion            |       |       |       |     2 |       ||     2
Armor: Robe              |     5 |     3 |       |       |       ||     8
       Leather armour    |       |     3 |    12 |    30 |     3 ||    48
Dodge: Dodged            |    14 |    48 |    77 |   196 |    12 ||   347
